 Dungeon Crawl Stone Soup version 0.29.1-15-g9cfb28693d (webtiles) character file.

Game seed: 17165396422367953777

33614 protoss039 the Fighter (level 13, -3/102 HPs)
             Began as a Demonspawn Earth Elementalist on Mar 3, 2023.
             Was a High Priest of Vehumet.
             Succumbed to a cane toad's poison
             ... on level 3 of the Lair of Beasts.
             The game lasted 01:02:09 (16379 turns).

protoss039 the Fighter (DsEE)                      Turns: 16379, Time: 01:02:10

Health: -3/102     AC: 17    Str:  8    XL:     13   Next: 37%
Magic:  4/26       EV: 11    Int: 20    God:    Vehumet [*****.]
Gold:   522        SH:  3    Dex: 16    Spells: 7/30 levels left

rFire   . . .      SeeInvis +   w - +9 trident (venom)
rCold   . . .      Faith    .   X - +0 buckler
rNeg    . . .      Spirit   +   S - +0 acid dragon scales
rPois   .          Reflect  .   (no helmet)
rElec   .          Harm     .   K - +2 cloak {Will+}
rCorr   +          Rampage  .   (gloves unavailable)
Will    +....                   k - +0 pair of boots
Stlth   ++........              g - amulet of regeneration
HPRegen 5.07/turn               a - ring of see invisible
MPRegen 0.40/turn               t - +4 ring of protection

@: lethally poisoned (-3 -> -20)
A: claws 3, powered by death 2, magic shield, magic regeneration, magic link,
sturdy frame 1
a: Renounce Religion


You were on level 3 of the Lair of Beasts.
You worshipped Vehumet.
Vehumet was extremely pleased with you.
You visited 3 branches of the dungeon, and saw 16 of its levels.
You also visited: Sewer and Bailey.

You collected 990 gold pieces.
You spent 468 gold pieces at shops.

Inventory:

Hand Weapons
 d - a +2 short sword of electrocution
 p - a +0 rapier of draining
 w - a +9 trident of venom (weapon)
 G - a +1 scimitar of flaming
 L - a +2 triple sword of distortion
 M - the +8 frozen axe "Frostbite" {freezing cloud, *Noise Fly rC+}
   (You found it in a bailey)

   It freezes those it strikes, dealing additional cold damage.
   It can also slow down cold-blooded creatures.
   It occasionally leaves clouds of freezing vapour upon striking a foe.
   It grants immunity to clouds of freezing vapour.
   rC:        It protects you from cold.
   Fly:       It grants you flight.
   *Noise:    It may make noises in combat.
Missiles
 u - 10 curare-tipped darts
 U - a throwing net
Armour
 k - a +0 pair of boots (worn)
 y - +0 ice dragon scales
 H - a +0 robe of willpower
 K - a +2 cloak of willpower (worn)
 S - +0 acid dragon scales (worn)
 X - a +0 buckler (worn)
Magical Staves
 q - a staff of conjuration
Jewellery
 a - a ring of see invisible (left claw)
 g - an amulet of regeneration (around neck)
 s - a ring of ice
 t - a +4 ring of protection (right claw)
 z - a ring of fire
 J - an amulet of reflection
Wands
 B - a wand of acid (5)
 C - a wand of flame (40)
 D - a wand of mindburst (18)
 F - a wand of iceblast (8)
 I - a wand of charming (13)
Scrolls
 c - a scroll of identify
 f - 4 scrolls of magic mapping
 j - 4 scrolls of teleportation
 m - 4 scrolls of enchant armour
 o - 2 scrolls of fog {unknown}
 r - 2 scrolls of vulnerability
 A - a scroll of fear {unknown}
 E - 3 scrolls of poison
 P - 5 scrolls of blinking
 T - a scroll of acquirement {unknown}
 W - a scroll of torment {unknown}
 Y - a scroll of noise {unknown}
Potions
 b - 9 potions of magic
 e - a potion of resistance
 h - 4 potions of mutation
 i - 3 potions of lignification
 l - 6 potions of flight
 n - 3 potions of brilliance
 v - a potion of ambrosia
 x - 2 potions of invisibility
 N - a potion of curing
 O - 4 potions of attraction {unknown}
 R - a potion of cancellation {unknown}
 V - a potion of haste


   Skills:
 + Level 9.7 Fighting
 + Level 9.4 Armour
 - Level 1.7 Dodging
 * Level 2.5 Stealth
 + Level 9.2 Spellcasting
 + Level 9.5 Conjurations
 * Level 8.0 Necromancy
 + Level 2.0 Transmutations
 + Level 2.2 Fire Magic
 + Level 9.4 Earth Magic


You had 7 spell levels left.
You knew the following spells:

 Your Spells              Type           Power      Damage    Failure   Level
a - Sandblast             Erth           94%        2d19      1%          1
b - Passwall              Tmut/Erth      26%        N/A       1%          2
c - Stone Arrow           Conj/Erth      94%        3d12      1%          3
d - Iskenderun's Mystic   Conj/Tloc      28%        2d7       4%          4
e - Inner Flame           Hex/Fire       13%        N/A       6%          3
f - Lee's Rapid Deconstr  Erth           23%        3d14*     1%          5
i - Borgnjor's Vile Clut  Necr/Erth      22%        N/A       10%         5

Your spell library contained the following spells:

 Spells                   Type           Power      Damage    Failure   Level
 Foxfire                  Conj/Fire      100%       2x1d9     1%          1
 Necrotise                Necr           100%       1d9       1%          1
 Scorch                   Fire           36%        2d7       1%          2
 Dazzling Flash           Conj/Hex       56%        N/A       1%          3
 Flame Wave               Conj/Fire      32%        2d9       3%          4
 Animate Dead             Necr           41%        N/A       4%          4
 Hailstorm                Conj/Ice       28%        3d8       4%          4
 Apportation              Tloc           18%        N/A       12%         1
 Summon Small Mammal      Summ           36%        N/A       12%         1
 Petrify                  Tmut/Erth      32%        N/A       12%         4
 Agony                    Necr           41%        N/A       12%         5
 Leda's Liquefaction      Hex/Erth       14%        N/A       17%         4
 Blink                    Tloc           18%        N/A       19%         2
 Ensorcelled Hibernation  Hex/Ice        18%        N/A       19%         2
 Gell's Gravitas          Tloc           9%         N/A       36%         3
 Lesser Beckoning         Tloc           9%         N/A       36%         3
 Swiftness                Air            9%         N/A       36%         3
 Teleport Other           Tloc           9%         N/A       36%         3
 Starburst                Conj/Fire      16%        6d6       38%         6
 Conjure Ball Lightning   Conj/Air       14%        3x3d6     52%         6
 Death Channel            Necr           20%        N/A       56%         6
 Ice Form                 Ice/Tmut       13%        N/A       61%         4
 Statue Form              Tmut/Erth      21%        N/A       87%         6
 Manifold Assault         Tloc           9%         N/A       98%         5
 Silence                  Hex/Air        4%         N/A       98%         5
 Simulacrum               Ice/Necr       12%        N/A       98%         6
 Summon Cactus Giant      Summ           4%         N/A       100%        6
 Storm Form               Tmut/Air       6%         N/A       100%        7
 Discord                  Hex            4%         N/A       100%        8
 Disjunction              Tloc           4%         N/A       100%        8
 Fire Storm               Conj/Fire      16%        8d4       100%        9


Dungeon Overview and Level Annotations

Branches:
Dungeon (12/15) Zot: 26091  Temple (1/1) D:6 Zot: 5786    Lair (3/5) D:8 Zot: 15180
 Shoals (0/4) Lair:2       Spider (0/4) Lair:3          Orc (0/2) D:11
  Sewer (visited)          Bailey (visited)

Altars:
Ashenzari
Cheibriados
Dithmenos
Fedhas
Gozag
Hepliaklqana
Kikubaaqudgha
Makhleb
Nemelex Xobeh
Okawaru
Qazlal
Ru
Sif Muna
Trog
Uskayaw
Vehumet
Wu Jian
Xom
Yredelemnul

Shops:
D:6 :

Annotations:
D:11 1 transporter, gargbit's ghost, journeyman TrFi
D:12 Kirke; Nessos
Lair:1 3 runed translucent doors, gargbit's ghost, journeyman TrFi


Innate Abilities, Weirdness & Mutations

You have claws for hands.
You regenerate health from kills.
When hurt, damage is shared between your health and your magic reserves.
You regenerate magic rapidly.
When low on magic, you restore magic in place of health.
Your movements are slightly less encumbered by armour. (ER -2)


Message History

Confirm with . or Enter, or press ? or * to list all spells.
Aiming: Stone Arrow (safe; 1% risk of failure)
Press: ? - help, Shift-Dir - straight line, f/p - cane toad
Aim: a cane toad (heavily wounded, constricted by zombie hands, 100% to hit)
The stone arrow hits the cane toad.
The cane toad is lightly wounded.
The zombie hands constrict the cane toad.
The zombie hands constrict the cane toad!
You feel very sick.
The cane toad struggles to escape constriction.
The cane toad stings you.
* * * LOW HITPOINT WARNING * * *
You are more poisoned.
The cane toad poisons you!
The cane toad struggles to escape constriction.
Casting: Stone Arrow (safe; 1% risk of failure)
Confirm with . or Enter, or press ? or * to list all spells.
Aiming: Stone Arrow (safe; 1% risk of failure)
Press: ? - help, Shift-Dir - straight line, f/p - cane toad
Aim: a cane toad (severely wounded, constricted by zombie hands, 100% to hit)
The stone arrow hits the cane toad!!
The cane toad is severely wounded.
The zombie hands constrict the cane toad! x2
You kill the cane toad!
Vehumet accepts your kill.
You feel your power returning.
You feel extremely sick. The cane toad stings you!
* * * LOW HITPOINT WARNING * * *
You are more poisoned.
The cane toad poisons you!
Casting: Stone Arrow (safe; 1% risk of failure)
Confirm with . or Enter, or press ? or * to list all spells.
Aiming: Stone Arrow (safe; 1% risk of failure)
Press: ? - help, Shift-Dir - straight line, f - cane toad
Aim: a cane toad (almost dead, constricted by zombie hands, 100% to hit)
The stone arrow hits the cane toad!
You kill the cane toad!
Vehumet accepts your kill.
You die...

# ##<..........### ##
#...........# .#
##...........# .#
#............# .#
##...........# .#
##..#####..## ### #..##
.### ..# ##..P# .##
###.@######## .#
#...†#PP..#.# .########
#...........# ........#
+.#[..#.#.#.#
........#...#.........#.##
....<.........#..#.......#
........#####.....†......#
.#..##### ####+..###.###
##..# #.#.#####


There were no monsters in sight!

Vanquished Creatures
  3 hydras
  A boulder beetle (D:10)
  Erica (D:8)
  6 two-headed ogres
  A centaur warrior (D:11)
  3 death yaks
  A cyclops (D:11)
  A deep elf pyromancer (D:10)
  2 oklob plants (Lair:1)
  4 slime creatures (D:12)
  2 manticores
  2 black mambas
  Maurice (D:9)
  5 elephants (Lair:2)
  10 cane toads
  An unseen horror (D:10)
  5 komodo dragons
  2 polar bears
  5 trolls
  Grinder (Sewer)
  10 yaks
  3 vampires
  4 wyverns
  4 basilisks
  2 steam dragons
  9 vampire mosquitoes
  Menkaure (D:7)
  3 water moccasins
  2 acid dragons
  A floating eye (Lair:1)
  A sky beast (D:8)
  19 orc warriors
  4 ice beasts
  A black bear (Lair:3)
  4 ogres
  6 wolves (Lair:3)
  14 centaurs
  A phantom (Sewer)
  Blork the orc (D:6)
  6 kobold brigands
  10 bullfrogs
  A necrophage (D:5)
  5 scorpions
  3 gnoll sergeants (D:11)
  12 wights
  2 howler monkeys
  7 jellies
  2 orc priests
  A wyvern simulacrum (D:8)
  4 hounds
  3 iguanas
  14 orc wizards
  3 hell rats (D:8)
  9 gnolls
  4 adders
  A river rat (D:8)
  3 shadow imps
  4 white imps
  5 ufetubi
  4 worms
  4 dart slugs
  70 orcs
  6 ball pythons
  3 bat zombies (Sewer)
  6 endoplasms
  10 giant cockroaches
  10 goblins
  2 hobgoblins
  4 jackals (D:1)
  27 kobolds
  9 quokkas
  6 bats
  4 frilled lizards
  4 rats
415 creatures vanquished.

Vanquished Creatures (collateral kills)
  A gnoll sergeant (D:11)
1 creature vanquished.

Vanquished Creatures (others)
  A wizard (D:7)
  A kobold brigand (D:11)
  A gnoll (D:11)
  An orc (D:9)
  5 fungi (Lair:3)
  27 plants
36 creatures vanquished.

Grand Total: 452 creatures vanquished

Notes
Turn   | Place    | Note
-------+----------+-------------------------------------------
     0 | D:1      | protoss039 the Demonspawn Earth Elementalist began the
                  | quest for the Orb.
     0 | D:1      | Reached XP level 1. HP: 13/13 MP: 3/3
   431 | D:1      | Gained mutation: You regenerate a little health from kills.
                  | [demonic ancestry]
   431 | D:1      | Reached XP level 2. HP: 20/20 MP: 1/5
  1160 | D:1      | Learned a level 2 spell: Passwall
  1199 | D:2      | Reached skill level 1 in Fighting
  1383 | D:2      | Reached skill level 1 in Armour
  1383 | D:2      | Gained mutation: You regenerate magic rapidly. [demonic
                  | ancestry]
  1383 | D:2      | Reached XP level 3. HP: 15/26 MP: 3/6
  1578 | D:2      | Found a shimmering altar of Xom.
  2225 | D:3      | Gained mutation: When hurt, damage is shared between your
                  | health and your magic reserves. [demonic ancestry]
  2225 | D:3      | Reached XP level 4. HP: 32/32 MP: 7/7
  2299 | D:3      | Reached skill level 1 in Conjurations
  2390 | D:3      | Found a faded altar of an unknown god.
  3067 | D:3      | Gained mutation: You have sharp fingernails. [demonic
                  | ancestry]
  3067 | D:3      | Reached XP level 5. HP: 38/38 MP: 5/9
  3613 | D:4      | Learned a level 3 spell: Stone Arrow
  3615 | D:5      | Entered Level 5 of the Dungeon
  3738 | D:5      | Gained mutation: You regenerate health from kills. [demonic
                  | ancestry]
  3738 | D:5      | Reached XP level 6. HP: 36/46 MP: 6/10
  3859 | D:5      | Noticed an ice beast
  3867 | D:5      | Killed an ice beast
  4064 | D:5      | Gained mutation: You have very sharp fingernails. [demonic
                  | ancestry]
  4064 | D:5      | Reached XP level 7. HP: 51/51 MP: 8/12
  4091 | D:5      | Found a blossoming altar of Fedhas.
  4772 | D:6      | Gained mutation: Your movements are slightly less
                  | encumbered by armour. (ER -2) [demonic ancestry]
  4772 | D:6      | Reached XP level 8. HP: 59/59 MP: 3/14
  4824 | D:6      | Found a glowing drain.
  4839 | Sewer    | Entered a sewer
  4986 | Sewer    | Noticed Grinder
  5007 | Sewer    | Killed Grinder
  5008 | Sewer    | Reached skill level 5 in Armour
  5069 | Sewer    | Found an ancient bone altar of Kikubaaqudgha.
  5362 | D:6      | Found Basmob's Book Shop.
  5467 | D:6      | Reached skill level 5 in Earth Magic
  5592 | D:6      | Found a staircase to the Ecumenical Temple.
  5750 | D:6      | Noticed Blork the orc
  5759 | D:6      | Killed Blork the orc
  5863 | Temple   | Entered the Ecumenical Temple
  6006 | Temple   | Became a worshipper of Vehumet
  6153 | D:6      | Gained mutation: You have claws for hands. [demonic
                  | ancestry]
  6153 | D:6      | Reached XP level 9. HP: 43/64 MP: 4/16
  6281 | D:7      | Reached skill level 5 in Spellcasting
  6555 | D:7      | Found a sacrificial altar of Ru.
  6555 | D:7      | Found an opulent altar of Gozag.
  6589 | D:7      | Reached skill level 5 in Fighting
  6661 | D:7      | Noticed Menkaure
  6760 | D:7      | Killed Menkaure
  6761 | D:7      | Reached skill level 5 in Conjurations
  7000 | D:7      | Found a bloodstained altar of Trog.
  7089 | D:7      | Noticed a wizard
  7093 | D:7      | Killed a wizard
  7236 | D:8      | Reached * piety under Vehumet
  7236 | D:8      | Offered knowledge of Shock by Vehumet.
  7285 | D:8      | Noticed a death yak
  7285 | D:8      | Noticed a two-headed ogre
  7287 | D:8      | Noticed a death yak
  7290 | D:8      | Killed a two-headed ogre
  7419 | D:7      | Killed a death yak
  7420 | D:7      | Gained mutation: When low on magic, you restore magic in
                  | place of health. [demonic ancestry]
  7420 | D:7      | Reached XP level 10. HP: 18/76 MP: 0/19
  7580 | D:8      | Found a staircase to the Lair.
  7582 | D:8      | Noticed a death yak
  7607 | D:8      | Noticed Erica
  7621 | D:8      | Killed Erica
  8063 | D:8      | Reached ** piety under Vehumet
  8063 | D:8      | Offered knowledge of Searing Ray by Vehumet.
  8222 | D:8      | Killed a death yak
  8272 | D:8      | Killed a death yak
  8354 | D:9      | Noticed a two-headed ogre
  8361 | D:8      | Killed a two-headed ogre
  8362 | D:8      | Reached XP level 11. HP: 55/84 MP: 5/21
  8408 | D:9      | Found a shadowy altar of Dithmenos.
  8439 | D:9      | Noticed Maurice
  8454 | D:9      | Killed Maurice
  8632 | D:9      | Found a flagged portal.
  8648 | Bailey   | Entered a bailey
  8657 | Bailey   | Offered knowledge of Conjure Flame by Vehumet.
  8705 | Bailey   | Reached *** piety under Vehumet
  9203 | Bailey   | Found the +8 frozen axe "Frostbite" {freezing cloud, *Noise
                  | Fly rC+}
  9267 | Bailey   | Offered knowledge of Flame Wave by Vehumet.
 10098 | D:10     | Entered Level 10 of the Dungeon
 10138 | D:10     | Noticed a boulder beetle
 10212 | D:6      | Bought a book of Unlife for 468 gold pieces
 10217 | D:6      | Learned a level 4 spell: Iskenderun's Mystic Blast
 10223 | D:6      | Learned a level 5 spell: Borgnjor's Vile Clutch
 10437 | D:10     | Reached skill level 1 in Necromancy
 10514 | D:10     | Got Cerebov's Anthology of Combustion
 10545 | D:10     | Reached **** piety under Vehumet
 10546 | D:10     | Noticed a deep elf pyromancer
 10553 | D:10     | Killed a deep elf pyromancer
 10554 | D:10     | Offered knowledge of Fulminant Prism by Vehumet.
 10793 | D:10     | Noticed a two-headed ogre
 11098 | D:10     | Killed a two-headed ogre
 11190 | D:10     | Killed a boulder beetle
 11668 | D:10     | Learned a level 3 spell: Inner Flame
 11705 | D:11     | Noticed a centaur warrior
 11708 | D:11     | Killed a centaur warrior
 11709 | D:11     | Reached XP level 12. HP: 75/94 MP: 14/24
 11801 | D:11     | Noticed a two-headed ogre
 11804 | D:11     | Killed a two-headed ogre
 12209 | D:11     | Found a staircase to the Orcish Mines.
 12397 | D:11     | Noticed a two-headed ogre
 12402 | D:11     | Killed a two-headed ogre
 12636 | D:11     | Found a transporter.
 12637 | D:11     | Noticed a two-headed ogre
 12637 | D:11     | Noticed gargbit's ghost (journeyman TrFi)
 12637 | D:11     | Identified the +5 great mace of Purpose {vorpal, +Blink
                  | rPois rC- Dex-3}
 12637 | D:11     | Noticed a two-headed ogre
 12638 | D:11     | Noticed a two-headed ogre
 12638 | D:11     | Noticed a two-headed ogre
 12640 | D:11     | Noticed a two-headed ogre
 12747 | D:12     | Reached skill level 5 in Necromancy
 12806 | D:12     | Reached ***** piety under Vehumet
 12806 | D:12     | Offered knowledge of Lee's Rapid Deconstruction by Vehumet.
 12813 | D:12     | Learned a level 5 spell: Lee's Rapid Deconstruction
 12924 | D:12     | Noticed a two-headed ogre
 12932 | D:12     | Killed a two-headed ogre
 13283 | D:12     | Noticed a five-headed hydra
 13414 | D:12     | Killed a five-headed hydra
 13525 | D:12     | Noticed Nessos
 13530 | D:12     | Noticed Kirke
 13609 | Lair:1   | Entered Level 1 of the Lair of Beasts
 13877 | Lair:1   | Paralysed by a floating eye for 4 turns
 13888 | Lair:1   | Paralysed by a floating eye for 3 turns
 13999 | Lair:1   | Found a runed translucent gate.
 13999 | Lair:1   | Found a runed translucent gate.
 13999 | Lair:1   | Found a runed translucent gate.
 14263 | Lair:1   | Noticed a minotaur
 14386 | Lair:1   | Reached skill level 1 in Fire Magic
 14454 | Lair:1   | Noticed gargbit's ghost (journeyman TrFi)
 14762 | Lair:2   | Found a staircase to the Shoals.
 15376 | Lair:2   | Reached skill level 1 in Transmutations
 15385 | Lair:2   | Reached XP level 13. HP: 78/101 MP: 16/26
 15705 | Lair:3   | Found a burning altar of Makhleb.
 15780 | Lair:3   | Found a hole to the Spider Nest.
 16197 | Lair:3   | Found a radiant altar of Vehumet.
 16379 | Lair:3   | Succumbed to a cane toad's poison

Illustrated notes

Levels and vault maps discovered:
D:1:      tarquinn_simple_flora_water_a, layout_loops_ring, minmay_tromino_v2
D:2:      kennysheep_big_flooded_room, layout_basic, basic_altar, st_stairs_12
D:3:      cheibrodos_old_hovel, layout_loops_ring, ebering_ecumenical_altar_hall
D:4:      minmay_recursive_quarters, layout_rooms
D:5:      layout_loops_ring, mainiacjoe_overflow_chevrons
D:6:      layout_rooms, minmay_temple_entry_mist, gup_sewer_entry_pipe,
          serial_shops, shop, minmay_stone_trees_small, uniq_blork_the_orc
D:7:      layout_gridville, gammafunk_temple_overflow_statue, trog_wizard,
          nrook_uturn, uniq_menkaure
D:8:      layout_loops_ring, dpeg_lair_monsters, serial_ice, serial_ice_m,
          serial_ice_a, serial_ice_l, serial_ice_b, corexii_corridor_pit,
          uniq_erica
D:9:      layout_roguey, nicolae_dithmenos_shadow_blocks, enter_bailey_3,
          uniq_maurice
D:10:     layout_basic
D:11:     layout_loops_ring, kennysheep_orc_monster_closet_entryway,
          gammafunk_ghost_smash
D:12:     layout_loops_cross, gammafunk_ghost_necromancy, minmay_misc_feat_x,
          chequers_garden, uniq_nessos, uniq_kirke
Temple:   minmay_crystal_spiral_temple
Lair:1:   layout_gridlike, maelrawn_ghost_gauntlet_escape, disabler_island
Lair:2:   layout_cave_shapes, elwin_shoals_entry_rocks, columned_hall_lemuel,
          st_stairs_6
Lair:3:   layout_roguey, nicolae_spider_entry_non_spiders, basic_altar,
          lemuel_centaur_altar

Skill      XL: |  1  2  3  4  5  6  7  8  9 10 11 12 13 |
---------------+----------------------------------------+-----
Fighting       | 1 2 3 4 6 7 8 9 |  9.7
Earth Magic    | 3 4 5 6 7 8 9 |  9.4
Armour         | 1 2 3 4 5 7 8 9 |  9.4
Conjurations   | 1 2 3 4 5 7 8 9 |  9.5
Spellcasting   | 3 4 6 7 8 9 |  9.2
Necromancy     | 3 7 8 |  8.0
Fire Magic     | 1 2 |  2.2
Transmutations | 1 2 |  2.0
Stealth        | 2 |  2.5
Dodging        | |  1.7

Action                   |  1- 3 |  4- 6 |  7- 9 | 10-12 | 13-15 || total
-------------------------+-------+-------+-------+-------+-------++-------
Melee: Dagger            |    67 |       |       |       |       ||    67
       Rapier            |    21 |    35 |     9 |       |       ||    65
       Punch             |     1 |     1 |     1 |     5 |     1 ||     9
       Trident           |       |    32 |   224 |   354 |    83 ||   693
       Executioner's axe |       |       |       |     4 |       ||     4
 Cast: Sandblast         |    27 |    63 |    63 |    16 |       ||   169
       Stone Arrow       |       |       |    51 |   227 |    22 ||   300
       Passwall          |       |       |       |     7 |       ||     7
       Borgnjor's Vile C |       |       |       |    18 |    15 ||    33
       Inner Flame       |       |       |       |     3 |       ||     3
       Iskenderun's Myst |       |       |       |     1 |     7 ||     8
       Lee's Rapid Decon |       |       |       |     1 |       ||     1
Evoke: Wand              |       |       |       |    11 |       ||    11
  Use: Scroll            |     2 |     4 |     6 |    15 |       ||    27
       Potion            |     2 |       |     9 |     1 |     2 ||    14
 Stab: Sleeping          |     1 |       |     3 |       |     1 ||     5
Armor: Ring mail         |    51 |    69 |   188 |   178 |       ||   486
       Skin              |     8 |       |   166 |       |       ||   174
       Acid dragon scale |       |       |       |    88 |    78 ||   166
Dodge: Dodged            |    51 |    71 |   218 |   337 |   106 ||   783
Block: Other             |       |       |       |   141 |     4 ||   145
       Reflection        |       |       |       |     7 |       ||     7
       Buckler           |       |       |       |       |    10 ||    10
